 Dungeon Crawl Stone Soup version 0.27-a0-1105-g946c659c87 (webtiles) character file.

Game seed: 11001925182481631093

508 tardwrangler69 the Gusty (level 6, -5/28 HPs)
             Began as a Spriggan Air Elementalist on Apr 29, 2021.
             Killed from afar by Ijyb (18 damage)
             ... with an iceblast
             ... on level 3 of the Dungeon.
             The game lasted 00:05:37 (4631 turns).

tardwrangler69 the Gusty (SpAE)                     Turns: 4631, Time: 00:05:38

Health: -5/28      AC:  2    Str:  4    XL:     6   Next: 98%
Magic:  5/12       EV: 17    Int: 19    God:
Gold:   169        SH:  0    Dex: 15    Spells: 7/12 levels left

rFire    . . .     SeeInvis +   f - +0 dagger
rCold    . . .     Faith    .   (shield restricted)
rNeg     . . .     Spirit   .   a - +0 robe
rPois    .         Reflect  .   (helmet restricted)
rElec    .         Harm     .   (no cloak)
rCorr    .         Rampage  .   (gloves unavailable)
Will     +....                  (boots unavailable)
Stlth    ++........             (no amulet)
HPRegen  0.09/turn              (no ring)
MPRegen  0.13/turn              (no ring)

@: very quick
A: very small, no large weapons, unfitting armour, see invisible, speed 3
a: no special abilities


You were on level 3 of the Dungeon.
You visited 1 branch of the dungeon, and saw 3 of its levels.

You collected 169 gold pieces.

Inventory:

Hand Weapons
 f - a +0 dagger (weapon)
Armour
 a - a +0 robe (worn)
Scrolls
 g - 2 scrolls of identify {unknown}
 i - a scroll of noise {unknown}
 k - 2 scrolls of magic mapping {unknown}
 l - a scroll of teleportation {unknown}
Potions
 b - a potion of haste {unknown}
 c - 3 potions of heal wounds {unknown}
 d - a potion of degeneration {unknown}
 e - 3 potions of mutation {unknown}
 h - 2 potions of curing {unknown}
 j - a potion of lignification {unknown}


   Skills:
 - Level 2.6 Dodging
 - Level 3.0 Stealth
 - Level 3.8 Spellcasting
 - Level 0.6 Conjurations
 * Level 7.0 Air Magic


You had 7 spell levels left.
You knew the following spells:

 Your Spells              Type           Power      Damage    Failure   Level
a - Shock                 Conj/Air       72%        1d7       3%          1
b - Airstrike             Air            15%        N/A       8%          4

Your spell library contained the following spells:

 Spells                   Type           Power      Damage    Failure   Level
 Swiftness                Air            30%        N/A       2%          3
 Static Discharge         Conj/Air       18%        N/A       4%          2
 Lightning Bolt           Conj/Air       9%         1d21      63%         5


Dungeon Overview and Level Annotations

Branches:
Dungeon (3/15)

Altars:

Annotations:
D:3 Ijyb


Innate Abilities, Weirdness & Mutations

You are very small and have problems with some larger weapons.
You are too small for most types of armour.
You have supernaturally acute eyesight. (SInv)
You cover ground extremely quickly. (Speed+++)


Message History

You can't see any susceptible monsters within range! (Use Z to cast anyway.)
You start resting.
Ijyb is nearby!
Casting: Shock (safe; 3% risk of failure)
Confirm with . or Enter, or press ? or * to list all spells.
Aiming: Shock (safe; 3% risk of failure)
Press: ? - help, Shift-Dir - straight line, f/p - Ijyb
Aim: Ijyb, wielding a +0 club, wearing a +0 ring mail and carrying a wand of iceblast (10) (lightly wounded, 68% to hit)
The zap misses Ijyb.
Casting: Shock (safe; 3% risk of failure)
Confirm with . or Enter, or press ? or * to list all spells.
Aiming: Shock (safe; 3% risk of failure)
Press: ? - help, Shift-Dir - straight line, f/p - Ijyb
Aim: Ijyb, wielding a +0 club, wearing a +0 ring mail and carrying a wand of iceblast (10) (lightly wounded, 68% to hit)
The zap hits Ijyb.
Ijyb is lightly wounded.
Casting: Shock (safe; 3% risk of failure)
Confirm with . or Enter, or press ? or * to list all spells.
Aiming: Shock (safe; 3% risk of failure)
Press: ? - help, Shift-Dir - straight line, f/p - Ijyb
Aim: Ijyb, wielding a +0 club, wearing a +0 ring mail and carrying a wand of iceblast (10) (lightly wounded, 68% to hit)
The zap hits Ijyb.
Ijyb is heavily wounded.
The zap hits Ijyb.
Ijyb is severely wounded.
Ijyb zaps a wand.
The mass of ice explodes!
The iceblast engulfs you!
Ouch! That really hurt!
You hear a shout! x2
Casting: Shock (safe; 3% risk of failure)
Confirm with . or Enter, or press ? or * to list all spells.
Aiming: Shock (safe; 3% risk of failure)
Press: ? - help, Shift-Dir - straight line, f/p - Ijyb
Aim: Ijyb, wielding a +0 club, wearing a +0 ring mail and carrying a wand of iceblast (9) (severely wounded, 68% to hit)
The zap hits Ijyb but does no damage.
Ijyb is severely wounded.
The zap hits Ijyb!
Ijyb is almost dead.
Ijyb zaps a wand.
The mass of ice explodes!
The iceblast engulfs you!!
Ouch! That really hurt!
You die...

##≈≈≈≈...≈≈≈≈#
#≈≈≈##'''##≈≈≈
#≈≈≈#.....# ≈≈
#...#.....# .
#...#.....#
##)##.....#
#...#.....#
#...#.....#
#...#.@.†.#
##'##..)..##+#
#......).....#
#...g........#
#...##########
#...#
#...'......
#...'....).
###########


You could see Ijyb.

Vanquished Creatures
  Sigmund (D:2)
  3 wights (D:3)
  Natasha (thrice) (D:2)
  An orc wizard (D:2)
  3 adders
  2 worms (D:2)
  4 dart slugs
  7 orcs
  A ball python (D:3)
  5 bats
  7 endoplasms
  3 giant cockroaches
  8 goblins
  8 hobgoblins
  8 jackals
  5 kobolds
  A quokka (D:2)
  3 frilled lizards
  15 rats
88 creatures vanquished.

Vanquished Creatures (others)
  3 plants (D:1)
3 creatures vanquished.

Grand Total: 91 creatures vanquished

Notes
Turn   | Place    | Note
-------+----------+-------------------------------------------
     0 | D:1      | tardwrangler69 the Spriggan Air Elementalist began the
                  | quest for the Orb.
     0 | D:1      | Reached XP level 1. HP: 9/9 MP: 5/5
   163 | D:1      | Reached skill level 3 in Air Magic
   228 | D:1      | Reached XP level 2. HP: 13/13 MP: 4/7
   260 | D:1      | Found a faded altar of an unknown god.
  1242 | D:1      | Reached XP level 3. HP: 16/16 MP: 0/8
  1869 | D:2      | Reached skill level 4 in Air Magic
  1972 | D:2      | Reached XP level 4. HP: 21/21 MP: 6/10
  2297 | D:2      | Noticed Natasha
  2309 | D:2      | Killed Natasha
  2540 | D:2      | Noticed Natasha
  2547 | D:2      | Killed Natasha
  2648 | D:2      | Reached XP level 5. HP: 22/24 MP: 6/11
  2868 | D:2      | Noticed Natasha
  2886 | D:2      | Killed Natasha
  2887 | D:2      | Reached skill level 5 in Air Magic
  3327 | D:2      | Noticed Sigmund
  3475 | D:2      | Killed Sigmund
  3476 | D:2      | Reached skill level 6 in Air Magic
  3476 | D:2      | Reached XP level 6. HP: 22/28 MP: 5/12
  3620 | D:3      | Learned a level 4 spell: Airstrike
  4617 | D:3      | Noticed Ijyb
  4618 | D:3      | Reached skill level 7 in Air Magic
  4631 | D:3      | Killed from afar by Ijyb

Illustrated notes

Levels and vault maps discovered:
D:1:      tarquinn_simple_flora_water_a, layout_basic,
          ebering_ecumenical_altar_abandoned, serial_forest,
          infiniplex_forest_end_3, infiniplex_forest_clump_curved,
          infiniplex_forest_clump_diagonal, infiniplex_forest_lined_corner,
          skrybe_limestone_x
D:2:      layout_basic, minmay_rat_gold_closets, uniq_sigmund, uniq_natasha
D:3:      kennysheep_goblin_castle, layout_rooms

Skill      XL: |  1  2  3  4  5  6 |
---------------+-------------------+-----
Air Magic      | 3 4 6 7 |  7.0
Spellcasting   | 3 |  3.8
Dodging        | |  2.6
Stealth        | |  3.0
Conjurations   | |  0.6

Action                   |  1- 3 |  4- 6 || total
-------------------------+-------+-------++-------
Melee: Unarmed           |     7 |       ||     7
       Dagger            |       |     8 ||     8
 Cast: Shock             |    91 |   154 ||   245
Armor: Robe              |     2 |     1 ||     3
Dodge: Dodged            |    16 |    13 ||    29

Table legend: (Time is in decaauts)
 A = Elapsed time spent in this place.
 B = Non-inter-level travel time spent in this place.
 C = Inter-level travel time spent in this place.
 D = Time resting spent in this place.
 E = Time spent auto-exploring this place.
 F = Levels seen in this place.
 G = Mean time per level.
                   A        B        C        D        E       F      G
               +--------+--------+--------+--------+--------+-----+--------+
         Total |   3872 |   3850 |     22 |    218 |   3155 |   3 | 1290.7 |
       Dungeon |   3872 |   3850 |     22 |    218 |   3155 |   3 | 1290.7 |
               +--------+--------+--------+--------+--------+-----+--------+

Top non-repeatable levels by time:
     D:2: 1713 daAuts
     D:1: 1298 daAuts
     D:3: 860 daAuts
